 Dungeon Crawl Stone Soup version 0.30-a0-652-gcc886f7154 (webtiles) character file.

Game seed: 6817255015342833309

68 OTABOTABOTAB the Skirmisher (level 4, 38/38 HPs)
             Began as a Gnoll Hunter on Jan 18, 2023.
             Quit the game on level 3 of the Dungeon.
             The game lasted 00:01:53 (1146 turns).

OTABOTABOTAB the Skirmisher (Gnoll Hunter)          Turns: 1146, Time: 00:01:54

Health: 38/38      AC:  3    Str: 10    XL:     4   Next: 19%
Magic:  5/5        EV: 13    Int:  9    God:
Gold:   102        SH:  0    Dex: 17    Spells: 5/5 levels left

rFire   . . .      SeeInvis .    a - +0 shortbow (freeze)
rCold   . . .      Faith    .    (shield currently unavailable)
rNeg    . . .      Spirit   .    c - +0 leather armour
rPois   .          Reflect  .    (no helmet)
rElec   .          Harm     .    (no cloak)
rCorr   .          Rampage  .    (no gloves)
Will    .....                    (no boots)
Stlth   ++                       (no amulet)
HPRegen 0.26/turn                (no ring)
MPRegen 0.09/turn                (no ring)

@: no status effects
A: fangs 1, strong nose, distributed training
a: no special abilities


You were on level 3 of the Dungeon.
You visited 1 branch of the dungeon, and saw 3 of its levels.

You collected 102 gold pieces.

Inventory:

Hand Weapons
 a - a +0 shortbow of freezing (weapon)
 k - the +3 mace "Umminy" {freeze, Fly rN+}
   (You found it on level 2 of the Dungeon)

   rN:        It protects you from negative energy.
   Fly:       It grants you flight.
Missiles
 e - 5 poisoned darts
 i - a throwing net {!d}
 s - 14 stones
Armour
 c - a +0 leather armour (worn)
Jewellery
 h - an amulet of reflection
   (You found it on level 3 of the Dungeon)
Scrolls
 d - a scroll of magic mapping {unknown}
 f - a scroll of brand weapon
 K - a scroll of immolation {!r}
 Y - 2 scrolls of teleportation {@r3}
Potions
 b - a potion of attraction {unknown}
 g - a potion of lignification {unknown}
 M - a potion of magic


   Skills:
 + Level 4.6 Fighting
 + Level 1.1 Short Blades
 + Level 1.1 Long Blades
 + Level 1.1 Axes
 + Level 1.1 Maces & Flails
 + Level 1.1 Polearms
 + Level 1.1 Staves
 + Level 8.5 Ranged Weapons
 + Level 1.1 Throwing
 + Level 1.1 Armour
 + Level 4.6 Dodging
 + Level 2.5 Stealth
 + Level 1.1 Shields
 + Level 1.1 Unarmed Combat
 + Level 1.1 Spellcasting
 + Level 0.8 Conjurations
 + Level 0.8 Hexes
 + Level 0.8 Summonings
 + Level 0.8 Necromancy
 + Level 0.8 Translocations
 + Level 0.8 Transmutations
 + Level 0.8 Fire Magic
 + Level 0.8 Ice Magic
 + Level 0.8 Air Magic
 + Level 0.8 Earth Magic
 + Level 0.8 Poison Magic
 + Level 1.2 Invocations
 + Level 1.1 Evocations


You had 5 spell levels left.
You didn't know any spells.
Your spell library contained the following spells:

 Spells                   Type           Power      Damage    Failure   Level
 Ozocubu's Armour         Ice            2%         N/A       71%         3
 Ozocubu's Refrigeration  Ice            1%         4d7       100%        7


Dungeon Overview and Level Annotations

Branches:
Dungeon (3/15)

Altars:


Innate Abilities, Weirdness & Mutations

You have very sharp teeth.
Your uncanny sense of smell can sniff out nearby items.
Your experience applies equally to all skills.


Message History

Your Evocations skill increases to level 1!
No target in view!
Unknown command.
No target in view!
You see here an adder corpse.
A goblin comes into view. It is wielding a +0 dagger.
You see here 15 gold pieces.
A goblin is nearby!
There are no items here.
The goblin shouts!
The goblin barely misses you.
Unknown command.
You barely miss the goblin. The goblin barely misses you.
You thump the goblin! You freeze the goblin.
You kill the goblin!
No target in view!
You now have 91 gold pieces (gained 15).
There is an escape hatch in the ceiling here.
There is a stone staircase leading up here.
Done exploring.
Done exploring.
Done exploring.
Done exploring.
As you read the scroll labelled DUESHU YTHRA NEGE, it crumbles to dust.
It is a scroll of brand weapon.
Your +0 shortbow erupts in a glittering mayhem of colour.
a - a +0 shortbow of chaos
As you read the scroll of brand weapon, it crumbles to dust.
Your +0 shortbow of chaos is covered with a thin layer of ice!
a - a +0 shortbow of freezing You float gracefully downwards.
The +3 mace "Umminy" {freeze, Fly rN+} stops glowing.
Your +0 shortbow of freezing is covered in frost.
a - a +0 shortbow of freezing (weapon)
As you read the scroll labelled CUEKKO DUURCH, it crumbles to dust.
You feel strangely unstable.
It was a scroll of teleportation.
Y - a scroll of teleportation
As you read the scroll labelled KIMOCZUALU, it crumbles to dust.
It is a scroll of identify.
h - a potion of magic;
M - a potion of magic The air fills with toxic fumes!
As you read the scroll labelled UTIMMU YQUPT, it crumbles to dust.
It was a scroll of poison.
Your surroundings suddenly seem different.
As you read the scroll labelled ZEOMINWAZE, it crumbles to dust.
It is a scroll of amnesia.
You feel forgetful for a moment.
Done exploring.
Done exploring.
Done exploring.
Done exploring.
(D) Dungeon
Where to? (Enter - D:2, ? - help)
There is a stone staircase leading down here.
You climb downwards.
There is a stone staircase leading up here.
Y - 2 scrolls of teleportation {@r3} (gained 1)
An orc comes into view. It is wielding a +0 mace.
An orc is nearby!
You shoot an arrow.
The arrow hits the orc but does no damage.
You shoot an arrow. The arrow closely misses the orc.
You shoot an arrow. The arrow barely misses the orc.
You shoot an arrow.
The arrow hits the orc but does no damage.
You shoot an arrow. The arrow hits the orc.
The arrow freezes the orc.
You shoot an arrow. The arrow hits the orc.
The arrow freezes the orc.
You kill the orc!
No target in view!
No target in view!
No target in view!
d - a scroll labelled ARREGO IRAJUICRIM You see here a +0 mace.
e - 5 poisoned darts
s - 14 stones (gained 5)
You now have 102 gold pieces (gained 11).
h - an amulet of reflection An adder and a goblin come into view.
You shoot an arrow. The arrow hits the adder!
The adder seems to slow down.
The arrow freezes the adder.
You hear a shout!
The goblin shouts!
You shoot an arrow. The arrow hits the adder!
The adder seems to slow down.
The arrow freezes the adder.
You kill the adder!
You have reached level 4!
You feel clever.
Health restored: 38; MP restored: 5 You shoot an arrow.
The arrow hits the goblin.
The arrow freezes the goblin.
You kill the goblin!
A hobgoblin comes into view.
You shoot an arrow. The arrow hits the hobgoblin.
The arrow freezes the hobgoblin.
You kill the hobgoblin!
No target in view!
No target in view!
No target in view!
You see here a hobgoblin corpse.
You see here an adder corpse.
An adder comes into view.

#........#.#.#
#.......##.#.#
#.......##S#.#
###.....##.#.#
#####......††..#####
...........#...#... #
∆
.#########.#.).#.##.#
.# #......#........#
.####+######..##@####
.##......# #..##.#
.##......# #..##+#
.##......# #...
.##......# #.=
.##......# #.. ∆
.##......####.
............# ###
............# ...


You could see an adder (wandering).

Vanquished Creatures
  4 adders
  A dart slug (D:2)
  An orc (D:3)
  3 bats
  3 endoplasms
  A giant cockroach (D:1)
  6 goblins
  2 hobgoblins
  3 ball pythons
  2 frilled lizards (D:2)
  A kobold (D:2)
  2 rats (D:2)
29 creatures vanquished.

Notes
Turn   | Place    | Note
-------+----------+-------------------------------------------
     0 | D:1      | OTABOTABOTAB the Gnoll Hunter began the quest for the Orb.
     0 | D:1      | Reached XP level 1. HP: 20/20 MP: 1/1
    82 | D:1      | Reached XP level 2. HP: 26/26 MP: 2/2
   611 | D:2      | Identified the +3 mace "Umminy" {freeze, Fly rN+}
   694 | D:2      | Reached XP level 3. HP: 31/31 MP: 3/3
   741 | D:2      | Reached skill level 1 in Invocations
   961 | D:2      | Reached skill level 1 in Short Blades
   961 | D:2      | Reached skill level 1 in Long Blades
   961 | D:2      | Reached skill level 1 in Axes
   961 | D:2      | Reached skill level 1 in Maces & Flails
   961 | D:2      | Reached skill level 1 in Polearms
   961 | D:2      | Reached skill level 1 in Staves
   961 | D:2      | Reached skill level 1 in Throwing
   961 | D:2      | Reached skill level 1 in Armour
   961 | D:2      | Reached skill level 1 in Shields
   961 | D:2      | Reached skill level 1 in Unarmed Combat
   961 | D:2      | Reached skill level 1 in Spellcasting
   961 | D:2      | Reached skill level 1 in Evocations
  1128 | D:3      | Reached XP level 4. HP: 38/38 MP: 5/5
  1146 | D:3      | Quit the game

Illustrated notes

Levels and vault maps discovered:
D:1:      elethiomel_arrival_quiet, layout_basic,
          chequers_serial_rivers_micro_e, fountainhead, hex_large
D:2:      layout_rooms, minmay_misc_feat_diagonals
D:3:      minmay_recursive_quarters, layout_basic

Skill      XL: |  1  2  3 |
---------------+----------+-----
Invocations    | 1 |  1.2
Short Blades   | 1 |  1.1
Long Blades    | 1 |  1.1
Axes           | 1 |  1.1
Maces & Flails | 1 |  1.1
Polearms       | 1 |  1.1
Staves         | 1 |  1.1
Throwing       | 1 |  1.1
Armour         | 1 |  1.1
Shields        | 1 |  1.1
Unarmed Combat | 1 |  1.1
Spellcasting   | 1 |  1.1
Evocations     | 1 |  1.1
Fighting       | |  4.6
Ranged Weapons | |  8.5
Dodging        | |  4.6
Stealth        | |  2.5
Conjurations   | |  0.8
Hexes          | |  0.8
Summonings     | |  0.8
Necromancy     | |  0.8
Translocations | |  0.8
Transmutations | |  0.8
Fire Magic     | |  0.8
Ice Magic      | |  0.8
Air Magic      | |  0.8
Earth Magic    | |  0.8
Poison Magic   | |  0.8

Action                   |  1- 3 |  4- 6 || total
-------------------------+-------+-------++-------
Melee: Mace              |    27 |       ||    27
       Bite              |     1 |       ||     1
 Fire: Shortbow          |    39 |     2 ||    41
  Use: Scroll            |     6 |       ||     6
 Stab: Sleeping          |     3 |       ||     3
Armor: Leather armour    |    11 |       ||    11
Dodge: Dodged            |    29 |       ||    29

Table legend: (Time is in decaauts)
 A = Elapsed time spent in this place.
 B = Non-inter-level travel time spent in this place.
 C = Inter-level travel time spent in this place.
 D = Time resting spent in this place.
 E = Time spent auto-exploring this place.
 F = Levels seen in this place.
 G = Mean time per level.
                   A        B        C        D        E       F      G
               +--------+--------+--------+--------+--------+-----+--------+
         Total |   1160 |   1115 |     45 |      0 |    927 |   3 |  386.7 |
       Dungeon |   1160 |   1115 |     45 |      0 |    927 |   3 |  386.7 |
               +--------+--------+--------+--------+--------+-----+--------+

Top non-repeatable levels by time:
     D:1: 591 daAuts
     D:2: 457 daAuts
     D:3: 111 daAuts

Table legend:
 A = Kills in this place as a percentage of kills in entire the game.
 B = Kills by you in this place as a percentage of kills by you in the entire game.
 C = Kills by friends in this place as a percentage of kills by friends in the entire game.
 D = Other kills in this place as a percentage of other kills in the entire game.
 E = Experience gained in this place as a percentage of experience gained in the entire game.
 F = Experience gained in this place divided by the number of levels of this place that you have seen.
                   A       B       C       D       E      F
               +-------+-------+-------+-------+-------+----------------------
         Total | 100.0 | 100.0 |   N/A |   N/A | 100.0 |  32.7
       Dungeon | 100.0 | 100.0 |   N/A |   N/A | 100.0 |  32.7
               +-------+-------+-------+-------+-------+----------------------
